 Dungeon Crawl Stone Soup version 0.19-a0-517-gd6a9987 (webtiles) character file.

145 Gagarin the Magician (level 5, 0/31 HPs)
             Began as a High Elf Wizard on June 6, 2016.
             Slain by an adder (1 damage)
             ... in a sewer.
             The game lasted 00:07:27 (2304 turns).

Gagarin the Magician (High Elf Wizard)              Turns: 2304, Time: 00:07:27

Health: 0/31       AC:  2    Str: 11    XL:     5   Next: 6%
Magic:  6/14       EV: 13    Int: 23    God:
Gold:   151        SH:  0    Dex: 13    Spells: 4 memorised, 7 levels left

rFire  . . .     SeeInvis .     B - +0 dagger (elec)
rCold  . . .     Gourm    .     a - +0 robe
rNeg   . . .     Faith    .     (no shield)
rPois  .         Spirit   .     b - +0 hat
rElec  .         Dismiss  .     (no cloak)
rCorr  .         Reflect  .     (no gloves)
SustAt .         Harm     .     (no boots)
MR     .....                    (no amulet)
Stlth  ++........               (no ring)
                                (no ring)

@: mighty, flying, not resistant to hostile enchantments, unstealthy
A: no striking features
a: no special abilities


You were in a sewer.
You were not hungry.

You visited 1 branch of the dungeon, and saw 3 of its levels.
You also visited: Sewer.

You collected 151 gold pieces.

Inventory:

Hand Weapons
 k - a +1 vampiric spear
 p - a +0 dagger
 B - a +0 dagger of electrocution (weapon)
Armour
 a - a +0 robe (worn)
 b - a +0 hat (worn)
Jewellery
 l - an uncursed ring of wizardry {unknown}
 s - an uncursed ring of poison resistance {unknown}
Wands
 o - a wand of slowing (17/48)
Scrolls
 e - a scroll of recharging {unknown}
 i - 3 scrolls of identify {unknown}
 q - a scroll of teleportation {unknown}
 v - 2 scrolls of enchant weapon {unknown}
 y - a scroll of fog {unknown}
 z - a scroll of remove curse {unknown}
 A - a scroll of random uselessness {unknown}
Potions
 g - a potion of mutation {unknown}
 h - a potion of curing {unknown}
 m - a potion of flight
 n - a potion of heal wounds {unknown}
 r - a potion of might
Books
 c - a book of Minor Magic

   Spells                             Type                      Level
   a - Magic Dart                     Conjuration                  1
   b - Blink                          Translocation                2
   c - Call Imp                       Summoning                    2
   d - Repel Missiles                 Charms/Air                   2
   e - Slow                           Hexes                        2
   f - Conjure Flame                  Conjuration/Fire             3
   g - Mephitic Cloud                 Conjuration/Poison/Air       3
Comestibles
 d - 2 bread rations
 f - a beef jerky
 j - a fruit
 t - a meat ration
 u - a slice of pizza
 w - a royal jelly


   Skills:
 + Level 2.7 Dodging
 + Level 2.8 Stealth
 * Level 5.5 Spellcasting
 + Level 2.6 Conjurations
   Level 0.8 Summonings
 + Level 1.1 Translocations


You had 7 spell levels left.
You knew the following spells:

 Your Spells              Type           Power        Failure   Level  Hunger
a - Magic Dart            Conj           ###.         2%          1    None
b - Blink                 Tloc           N/A          12%         2    None
c - Repel Missiles        Chrm/Air       #.....       17%         2    None
d - Mephitic Cloud        Conj/Pois/Air  ##......     21%         3    ##.....


Dungeon Overview and Level Annotations

Branches:
Dungeon (3/15)

Altars:


Message History

The adder is lightly wounded.
The adder misses you. The river rat bites you!
* * * LOW HITPOINT WARNING * * *
It was a potion of flight.
You feel very buoyant.
You fly up into the air.
The adder completely misses you. The adder barely misses you.
The river rat bites you.
* * * LOW HITPOINT WARNING * * *
It was a potion of might.
You feel very mighty all of a sudden. The adder barely misses you.
The river rat bites you.
* * * LOW HITPOINT WARNING * * *
You puncture the river rat!
There is a sudden explosion of sparks!
You kill the river rat!
You have reached level 5!
The adder barely misses you.
You puncture the adder!
The adder is almost dead.
The adder bites you.
You die...

#≈#≈#≈ ≈#
#≈#≈#≈#≈# #≈#≈#≈
≈# #≈#≈#≈#≈#
#≈#≈#≈#≈
#≈#≈#≈#≈#
#≈≈≈#≈≈≈
#.≈≈#.≈≈#
##≈###≈#
##.###≈## #.# #≈#
#.# #≈# #≈###≈#
#≈###≈# #≈≈≈≈S#
#≈≈≈≈≈# ##≈≈@##
##≈.≈## #≈..#
#≈≈≈# #.≈.# #.≈.#
#≈≈≈## ##.≈.#
#...≈## ##≈≈≈≈#
#.≈≈..#####..≈≈.#
##..≈≈≈≈≈.≈..≈≈##
###≈.≈.≈.≈≈.###
##≈.≈.≈≈.##


You could see an adder.

Vanquished Creatures
  A big kobold (Sewer)
  2 adders
  A river rat (Sewer)
  2 oozes
  2 worms (Sewer)
  3 giant geckos (D:3)
  3 orcs (D:3)
  A giant cockroach (D:1)
  4 goblins
  5 hobgoblins
  A bat (D:1)
  4 giant newts (D:1)
  6 kobolds
  4 rats (D:3)
39 creatures vanquished.

Notes
Turn   | Place    | Note
--------------------------------------------------------------
     0 | D:1      | Gagarin the High Elf Wizard began the quest for the Orb.
     0 | D:1      | Reached XP level 1. HP: 11/11 MP: 6/6
   425 | D:1      | Reached skill level 4 in Spellcasting
   425 | D:1      | Reached XP level 2. HP: 16/17 MP: 0/8
   429 | D:1      | Learned a level 2 spell: Blink
   432 | D:1      | Learned a level 2 spell: Repel Missiles
   436 | D:1      | You fall through a shaft!
  1139 | D:2      | Reached XP level 3. HP: 20/21 MP: 0/9
  1586 | D:3      | Learned a level 3 spell: Mephitic Cloud
  1838 | D:3      | Found a glowing drain.
  1854 | Sewer    | Entered a sewer
  2123 | Sewer    | Noticed a big kobold
  2158 | Sewer    | Killed a big kobold
  2158 | Sewer    | Reached skill level 5 in Spellcasting
  2158 | Sewer    | Reached XP level 4. HP: 27/27 MP: 0/12
  2302 | Sewer    | HP: 1/27 [river rat (4)]
  2303 | Sewer    | Reached XP level 5. HP: 1/31 MP: 5/14
  2304 | Sewer    | Slain by an adder

Vault maps used:
D:1:      evilmike_arrival_crescent, interstate_on_off
D:3:      first_bread, portal_sewer_entry_a, grunt_decor_clamped
Sewer:    sewer_co_tree

Skill      XL: |  1  2  3 |
---------------+----------+-----
Spellcasting   | 4 5 |  5.5
Conjurations   | 2 |  2.6
Dodging        | |  2.7
Stealth        | |  2.8
Summonings     | |  0.8
Translocations | |  1.1

Action                   |  1- 3 |  4- 6 || total
-------------------------+-------+-------++-------
Melee: Dagger            |    16 |     3 ||    19
 Cast: Magic Dart        |   100 |    10 ||   110
       Mephitic Cloud    |     1 |       ||     1
  Use: Potion            |       |     2 ||     2
  Eat: Chunk             |     4 |       ||     4
Armor: Robe              |     3 |       ||     3
Dodge: Dodged            |    16 |     6 ||    22
